 Dungeon Crawl Stone Soup version 0.21-a0-508-gf08a75f (webtiles) character file.

1169 Dawnplanks the Magician (level 8, -1/41 HPs)
             Began as a Gargoyle Earth Elementalist on Nov 28, 2017.
             Slain by a slave (7 damage)
             ... led by Pikel
             ... on level 5 of the Dungeon.
             The game lasted 00:21:47 (4657 turns).

Dawnplanks the Magician (GrEE)                      Turns: 4657, Time: 00:21:48

Health: -1/41      AC:  8    Str: 13    XL:     8   Next: 40%
Magic:  0/19       EV: 12    Int: 17    God:
Gold:   251        SH:  0    Dex: 10    Spells: 18/22 levels left

rFire    . . .     SeeInvis .   u - +0 whip (elec)
rCold    . . .     Gourm    .   (no shield)
rNeg     + . .     Faith    .   c - +0 robe
rPois    ∞         Spirit   .   (no helmet)
rElec    +         Reflect  .   (no cloak)
rCorr    .         Harm     .   y - +0 pair of gloves
MR       .....                  (no boots)
Stlth    ++........             (no amulet)
HPRegen  0.13/turn              (no ring)
MPRegen  0.16/turn              (no ring)

@: very slightly contaminated
A: negative energy resistance 1, electricity resistance, unbreathing,
petrification resistance, rot immunity, AC +5
a: no special abilities


You were on level 5 of the Dungeon.
You were hungry.

You visited 1 branch of the dungeon, and saw 5 of its levels.

You collected 251 gold pieces.

Inventory:

Hand Weapons
 j - a +0 club
 u - a +0 whip of electrocution (weapon)
 v - a +0 spear
Missiles
 r - 5 javelins (quivered)
Armour
 c - a +0 robe (worn)
 y - a +0 pair of gloves (worn)
 A - a cursed +0 buckler
Jewellery
 x - an uncursed amulet of harm {unknown}
Wands
 b - a wand of paralysis (12)
 w - a wand of random effects (30)
Scrolls
 f - 5 scrolls of identify {unknown}
 g - 3 scrolls of magic mapping {unknown}
 h - 6 scrolls of teleportation {unknown}
 i - a scroll of fog {unknown}
 k - a scroll of immolation {unknown}
 l - 2 scrolls of remove curse {unknown}
 C - a scroll of noise {unknown}
Potions
 a - 2 potions of ambrosia {unknown}
 m - 4 potions of haste {unknown}
 n - 2 potions of invisibility {unknown}
 o - 4 potions of curing {unknown}
 t - 2 potions of lignification {unknown}
 z - a potion of heal wounds {unknown}
Books
 e - a book of Geomancy

   Spells                             Type                      Level
   a - Sandblast                      Earth                        1
   b - Passwall                       Transmutation/Earth          2
   c - Stone Arrow                    Conjuration/Earth            3
   d - Petrify                        Transmutation/Earth          4
   e - Lee's Rapid Deconstruction     Earth                        5
Comestibles
 d - 3 bread rations
 p - 7 royal jellies
 q - a meat ration
 s - 4 fruits


   Skills:
 - Level 1.8 Dodging
 - Level 2.5 Stealth
 * Level 7.6 Spellcasting
   Level 0.7 Transmutations
 + Level 7.3 Earth Magic


You had 18 spell levels left.
You knew the following spells:

 Your Spells              Type           Power        Failure   Level  Hunger
a - Sandblast             Erth           ####..       1%          1    None
b - Stone Arrow           Conj/Erth      ###...       7%          3    #......


Dungeon Overview and Level Annotations

Branches:
Dungeon (5/15)
 Temple: D:4-7

Altars:
Elyvilon
Kikubaaqudgha
Makhleb
Okawaru
Qazlal
Ru
Trog
Uskayaw
Xom
Zin

Annotations:
D:5 Pikel


Innate Abilities, Weirdness & Mutations

You are resistant to torment.
Your stone body is resilient. (AC +5)
You are immune to poison.
You resist negative energy. (rN+)
You are resistant to electric shocks. (rElec)
You can survive without breathing.
You are immune to petrification.
You are immune to rotting.


Message History

The slave hits you. The slave misses you. Pikel hits you but does no damage.
Casting: Stone Arrow
Confirm with . or Enter, or press ? or * to list all spells.
Aiming: Stone Arrow
Press: ? - help, Shift-Dir - straight line, f/p - Pikel
Aim: Pikel, wielding a whip of freezing and wearing a robe (lightly wounded)
The stone arrow hits Pikel.
Pikel is heavily wounded.
The slave closely misses you. x2; The slave hits you. x2
Pikel hits you with a whip of freezing. Pikel freezes you.
You miss Pikel.
Pikel is heavily wounded.
The slave barely misses you. The slave hits you!
* * * LOW HITPOINT WARNING * * *
The slave hits you but does no damage. The slave closely misses you.
Pikel hits you but does no damage. The slave hits you but does no damage.
You hit Pikel.
Pikel is heavily wounded.
The slave hits you but does no damage. The slave hits you!
You die...

..............
.###..........
#####<.........
#..............
#...#...<......
#######.......###.##.
####....!#.###........#.
......p.p.%.....####....
......K@.......... #..#.
......pp..............#.
.......................
.......................
....#####.....>....#####
#### #..........
#........ .......


You could see Pikel and 4 slaves.

Vanquished Creatures
  The ghost of Dysjunc the Chiller, an amateur GnIE (D:4)
  Eustachio (D:5)
  An ice beast (D:5)
  4 wights (D:3)
  A howler monkey (D:4)
  An orc priest (D:4)
  A bullfrog skeleton (D:5)
  An orc wizard (D:4)
  Jessica (D:2)
  Terence (D:3)
  2 iguanas (D:5)
  Natasha (thrice) (D:3)
  4 worker ants
  4 gnolls (D:3)
  6 adders
  3 oozes (D:1)
  A worm (D:3)
  2 dart slugs
  6 leopard geckos
  5 orcs
  3 giant cockroaches
  9 hobgoblins
  4 jackals (D:2)
  7 kobolds
  A quokka (D:4)
  7 bats
  A frilled lizard (D:5)
  12 goblins
  5 rats
  A butterfly (D:3)
99 creatures vanquished.

Vanquished Creatures (others)
  A rat (D:2)
1 creature vanquished.

Grand Total: 100 creatures vanquished

Notes
Turn   | Place    | Note
-------+----------+-------------------------------------------
     0 | D:1      | Dawnplanks the Gargoyle Earth Elementalist began the quest for the Orb.
     0 | D:1      | Reached XP level 1. HP: 10/10 MP: 3/3
    23 | D:1      | Reached XP level 2. HP: 15/15 MP: 1/5
   334 | D:1      | Reached XP level 3. HP: 19/19 MP: 3/6
   830 | D:2      | Found a hide-covered altar of Uskayaw.
   834 | D:2      | Noticed a dagger
   835 | D:2      | Noticed a hand axe
   872 | D:2      | Found a white marble altar of Elyvilon.
  1060 | D:2      | Noticed Jessica
  1063 | D:2      | Killed Jessica
  1063 | D:2      | Reached XP level 4. HP: 24/24 MP: 5/8
  1233 | D:2      | Reached skill level 5 in Earth Magic
  1233 | D:2      | Reached XP level 5. HP: 23/28 MP: 7/10
  1256 | D:2      | Found a sacrificial altar of Ru.
  1256 | D:2      | Found a burning altar of Makhleb.
  1256 | D:2      | Found an ancient bone altar of Kikubaaqudgha.
  1303 | D:2      | Found a glowing silver altar of Zin.
  1443 | D:2      | Found a stormy altar of Qazlal.
  1693 | D:2      | You fall through a shaft for 2 floors!
  1693 | D:4      | Noticed Dysjunc's ghost (amateur GnIE)
  1949 | D:3      | Noticed Terence
  1955 | D:3      | Killed Terence
  2153 | D:3      | Reached XP level 6. HP: 21/32 MP: 4/12
  2351 | D:3      | Reached skill level 5 in Spellcasting
  2407 | D:3      | Noticed Natasha
  2409 | D:3      | Killed Natasha
  2409 | D:3      | Noticed Natasha
  2414 | D:3      | Killed Natasha
  2483 | D:3      | Noticed Natasha
  2487 | D:3      | Killed Natasha
  2487 | D:3      | Reached XP level 7. HP: 31/36 MP: 8/15
  2577 | D:3      | Found a bloodstained altar of Trog.
  2577 | D:3      | Found an iron altar of Okawaru.
  2840 | D:3      | Found a shimmering altar of Xom.
  3241 | D:4      | Killed Dysjunc's ghost
  4347 | D:5      | Entered Level 5 of the Dungeon
  4382 | D:5      | Reached XP level 8. HP: 36/41 MP: 12/18
  4416 | D:5      | Noticed Eustachio
  4494 | D:5      | Killed Eustachio
  4512 | D:5      | Learned a level 3 spell: Stone Arrow
  4648 | D:5      | Noticed Pikel
  4657 | D:5      | Slain by a slave

Vault maps used:
D:1:      dpeg_arrival_short_road
D:2:      elyvilon_altar_4, zin_scriptorium, grunt_qazlal_sundering,
          gammafunk_temple_overflow_forgotten, dancing_weapons_uskayaw,
          minmay_pentomino_s4, uniq_jessica
D:3:      gammafunk_temple_overflow_elements, xom_butterflies, uniq_terence,
          uniq_natasha
D:4:      first_bread
D:5:      minmay_temple_entry_statues_fountains, uniq_crazy_yiuf_cottage,
          uniq_pikel, uniq_eustachio

Skill      XL: |  1  2  3  4  5  6  7  8 |
---------------+-------------------------+-----
Earth Magic    | 4 5 6 7 |  7.3
Spellcasting   | 3 4 5 6 7 |  7.6
Dodging        | |  1.8
Stealth        | |  2.5
Transmutations | |  0.7

Action                   |  1- 3 |  4- 6 |  7- 9 || total
-------------------------+-------+-------+-------++-------
Melee: Unarmed           |    27 |       |       ||    27
       Club              |    15 |    44 |       ||    59
       Whip              |       |     9 |    40 ||    49
 Cast: Sandblast         |    34 |    73 |    50 ||   157
       Stone Arrow       |       |       |    11 ||    11
 Stab: Sleeping          |       |     1 |       ||     1
  Eat: Chunk             |       |     5 |     5 ||    10
       Fruit             |       |       |     2 ||     2
Armor: Robe              |    44 |    29 |    48 ||   121
Dodge: Dodged            |    48 |    61 |    53 ||   162

Table legend:
 A = Spawn XP
 B = Non-spawn XP
 C = Spawn XP percentage of total XP
 D = Spawn monster count
 E = Non-spawn monster count
 F = Spawn count percentage of total count
 G = Total turns spent on level
                    A         B        C        D         E        F      G
               +---------+---------+-------+---------+---------+-------+---------
         Total |       0 |    1670 |   0.0 |       0 |      98 |   0.0 |  4657
               +---------+---------+-------+---------+---------+-------+---------
           D:1 |       0 |      50 |   0.0 |       0 |      19 |   0.0 |   773
           D:2 |       0 |     121 |   0.0 |       0 |      26 |   0.0 |   920
           D:3 |       0 |     496 |   0.0 |       0 |      30 |   0.0 |  1330
           D:4 |       0 |     467 |   0.0 |       0 |      12 |   0.0 |  1324
           D:5 |       0 |     536 |   0.0 |       0 |      11 |   0.0 |   310
               +---------+---------+-------+---------+---------+-------+---------
